 Dungeon Crawl Stone Soup version 0.22-a0-782-g038298e (webtiles) character file.

24 Kuinu the Firebug (level 2, -4/20 HPs)
             Began as a Draconian Fire Elementalist on July 20, 2018.
             Slain by a gnoll
             ... wielding a +0 whip
              (7 damage)
             ... on level 2 of the Dungeon.
             The game lasted 00:03:19 (986 turns).

Kuinu the Firebug (Draconian Fire Elementalist)      Turns: 986, Time: 00:03:20

Health: -4/20      AC:  5    Str: 10    XL:     2   Next: 79%
Magic:  1/5        EV: 17    Int: 15    God:
Gold:   91         SH:  0    Dex: 16    Spells: 2/5 levels left

rFire    . . .     SeeInvis .   k - +2 dagger (elec)
rCold    . . .     Gourm    .   (no shield)
rNeg     . . .     Faith    .   (armour unavailable)
rPois    .         Spirit   .   (helmet restricted)
rElec    .         Reflect  .   f - +0 cloak
rCorr    .         Harm     .   (no gloves)
MR       .....                  (no boots)
Stlth    ++........             (no amulet)
HPRegen  0.06/turn              g - ring of loudness (curse)
MPRegen  0.09/turn              (no ring)

@: agile
A: unfitting armour, cold-blooded, AC +4
a: no special abilities


You were on level 2 of the Dungeon.
You were not hungry.

You visited 1 branch of the dungeon, and saw 2 of its levels.

You collected 91 gold pieces.

Inventory:

Hand Weapons
 c - a +0 dagger
 k - a +2 dagger of electrocution (weapon)
Armour
 f - a +0 cloak (worn)
Jewellery
 g - a cursed ring of loudness (left hand)
Scrolls
 a - a scroll of identify {unknown}
 d - 2 scrolls of teleportation {unknown}
Potions
 e - a potion of agility
 h - a potion of curing {unknown}
 i - 2 potions of invisibility {unknown}
Comestibles
 b - 3 rations
 j - 2 chunks of flesh


   Skills:
 + Level 0.2 Short Blades
 + Level 1.7 Dodging
 + Level 1.7 Stealth
 + Level 2.3 Spellcasting
 + Level 1.3 Conjurations
 + Level 3.6 Fire Magic


You had 2 spell levels left.
You knew the following spells:

 Your Spells              Type           Power        Failure   Level  Hunger
a - Flame Tongue          Conj/Fire      #....        8%          1    #......
b - Throw Flame           Conj/Fire      #.....       12%         2    ###....

Your spell library contained the following spells:

 Spells                   Type           Power        Failure   Level  Hunger
 Fireball                 Conj/Fire      #.........   91%         5    ######.
 Conjure Flame            Conj/Fire      #.......     24%         3    ###....
 Sticky Flame             Conj/Fire      #.......     61%         4    #####..
 Inner Flame              Hex/Fire       #.......     30%         3    ###....


Dungeon Overview and Level Annotations

Branches:
Dungeon (2/15)

Altars:


Innate Abilities, Weirdness & Mutations

Your plain brown scales are hard. (AC +4)
You cannot fit into any form of body armour.
You are cold-blooded and may be slowed by cold attacks.


Message History

The gnoll closely misses you. x2
You hit the gnoll but do no damage.
The gnoll hits you but does no damage. x2
The gnoll barely misses you.
You hit the gnoll but do no damage. The gnoll hits you with a whip!
Ouch! That really hurt!
The gnoll hits you from afar with a spear!
* * * LOW HITPOINT WARNING * * *
The gnoll closely misses you.
You barely miss the gnoll.
Your tail-slap misses the gnoll.
The gnoll closely misses you.
The gnoll hits you from afar with a spear.
* * * LOW HITPOINT WARNING * * *
The gnoll barely misses you.
You closely miss the gnoll.
Your tail-slap misses the gnoll.
The gnoll closely misses you. The gnoll barely misses you.
The gnoll hits you but does no damage.
It was a potion of agility.
You feel agile all of a sudden. The gnoll hits you with a whip!
You die...

.#.........###..#
....<.......#..##
#.#.............#.
..................
#.#........#......
...........# .....
#.#....)Kgg# g...
....#####g## .g.
#.# #@# .K . #.# .
....#####'##
#........<.#
...........#
...........#
...........#
...........+
...........#


You could see 3 gnolls and a kobold.

Vanquished Creatures
  An ooze (D:2)
  A dart slug (D:1)
  A leopard gecko (D:1)
  2 giant cockroaches (D:1)
  4 goblins
  2 hobgoblins (D:1)
  A bat (D:1)
  A kobold (D:1)
  3 rats
16 creatures vanquished.

Notes
Turn   | Place    | Note
-------+----------+-------------------------------------------
     0 | D:1      | Kuinu the Draconian Fire Elementalist began the quest for the Orb.
     0 | D:1      | Reached XP level 1. HP: 14/14 MP: 3/3
   261 | D:1      | Reached XP level 2. HP: 20/20 MP: 3/5
   297 | D:1      | Learned a level 2 spell: Throw Flame
   986 | D:2      | Slain by a gnoll

Vault maps used:
D:1:      dpeg_arrival_tiny_b
D:2:      kennysheep_big_flooded_room, lemuel_zombie_altar_yredelemnul,
          vehumet_crystals, serial_glass, glass_columns_a, glass_columns_b,
          glass_columns_b, glass_columns_c, glass_columns_b, glass_columns_a,
          glass_columns_c, glass_columns_b, glass_columns_c, glass_columns_c

Action                   || total
-------------------------++-------
Melee: Unarmed           ||    20
       Dagger            ||    16
       Tailslap          ||     3
 Cast: Flame Tongue      ||    25
       Throw Flame       ||     2
  Use: Potion            ||     1
  Eat: Chunk             ||     1
Armor: Skin              ||    19
Dodge: Dodged            ||    30

Table legend:
 A = Spawn XP
 B = Non-spawn XP
 C = Spawn XP percentage of total XP
 D = Spawn monster count
 E = Non-spawn monster count
 F = Spawn count percentage of total count
 G = Total turns spent on level
                    A         B        C        D         E        F      G
               +---------+---------+-------+---------+---------+-------+---------
         Total |       0 |      35 |   0.0 |       0 |      16 |   0.0 |   986
               +---------+---------+-------+---------+---------+-------+---------
           D:1 |       0 |      25 |   0.0 |       0 |      13 |   0.0 |   814
           D:2 |       0 |      10 |   0.0 |       0 |       3 |   0.0 |   172
               +---------+---------+-------+---------+---------+-------+---------
